Workbook

Sheet BM-13
A1: FORM BM-13
A2: STATEMENT OF EXCESSES AND SURRENDERS (REVISED ESTIMATES) FOR THE FINANCIAL YEAR 2025-26 UNDER GRANT NO. SL21E15 (DISTRICT EDUCATION AUTHORITY), SAHIWAL
B3: DDO Code: 39110025 | C3: Name of Office/Institutions:GOVT.HIGH SCHOOL 7/11-L
B4: Deatil Fuction Code:SC6165
J7: Rupees
A8: 1 | B8: 2 | C8: 3 | D8: 4 | E8: 5 | F8: 6 | G8: 7 | H8: 8 | I8: 9 | J8: 10
A9: Detailed Object Code | B9: Description | C9: Original / Sanctioned Budget 2025-26 | D9: Re-Appropriation 2025-26 | E9: Modified Budget 2025-26 | F9: Actual Exp. (First 8 Month) 01.07.25 to 28.02.26 | G9: Anticipated Exp. (Last 4 Months) 01.03.26 to 30.06.26 | H9: Revised Estimates for C.F.Y. 2025-26 | I9: Surrenders | J9: Excessess
A10: A01 | B10: Total Employees Related Expenses | C10: =C11+C20 -> 9292000 | D10: =D11+D20 -> 0 | E10: =E11+E20 -> 0 | F10: =F11+F20 -> 6205959 | G10: =G11+G20 -> 4310112 | H10: =F10+G10 -> 10516071 | J10: =H10-C10 -> 1224071
A11: A011 | B11: Total Pay | C11: =C12+C16 -> 4470000 | D11: =D12+D16 -> 0 | E11: =E12+E16 -> 0 | F11: =F12+F16 -> 3023680 | G11: =G12+G16 -> 2116960 | H11: =F11+G11 -> 5140640 | J11: =H11-C11 -> 670640
A12: A011-1 | B12: Total Pay Officer | C12: =C13 -> 624000 | F12: 430220 | G12: =Anticip.!E19 -> 220760 | H12: =F12+G12 -> 650980 | J12: =H12-C12 -> 26980
A13: A01101 | B13: Total Basic Pay Officer | C13: 624000 | F13: 0 | H13: =F13+G13 -> 0
A14: A01102 | B14: Personal Pay | H14: =F14+G14 -> 0 | I14: =H14-C14 -> 0
A15: A01103 | B15: Special Pay | H15: =F15+G15 -> 0 | I15: =H15-C15 -> 0
A16: A011-2 | B16: Total Pay of Other staff | C16: =C17 -> 3846000 | D16: =D17 -> 0 | E16: =E17 -> 0 | F16: 2593460 | G16: =Anticip.!F19 -> 1896200 | H16: =F16+G16 -> 4489660 | J16: =H16-C16 -> 643660
A17: A01151 | B17: Total Basic Pay of Other staff | C17: 3846000 | F17: =Exp.!L13 -> 2593460 | G17: =Anticip.!F19 -> 1896200 | H17: =F17+G17 -> 4489660 | J17: =H17-C17 -> 643660
A18: A01152 | B18: Personal Pay | H18: =F18+G18 -> 0 | I18: =H18-C18 -> 0
A19: A01153 | B19: Special Pay | H19: =F19+G19 -> 0 | I19: =H19-C19 -> 0
A20: A012 | B20: Total Allowance | C20: =C21+C83 -> 4822000 | D20: =D21+D83 -> 0 | E20: =E21+E83 -> 0 | F20: =F21+F83 -> 3182279 | G20: =G21+G83 -> 2193152 | H20: =F20+G20 -> 5375431 | J20: =H20-C20 -> 553431
A21: A012-1 | B21: Total Regular Allowance | C21: =SUM(C22:C41) -> 4820000 | D21: =SUM(D22:D41) -> 0 | E21: =SUM(E22:E41) -> 0 | F21: =SUM(F22:F41) -> 3182279 | G21: =SUM(G22:G41) -> 2193152 | H21: =F21+G21 -> 5375431 | J21: =H21-C21 -> 555431
A22: A01201 | B22: Senior Post Allowance | H22: =F22+G22 -> 0 | I22: =H22-C22 -> 0
A23: A01202 | B23: House Rent Alllowance | C23: 185000 | F23: 124011 | G23: =Anticip.!H19 -> 113888 | H23: =F23+G23 -> 237899 | J23: =H23-C23 -> 52899
A24: A01203 | B24: Coveyance Allowance | C24: 193000 | F24: =Exp.!L18 -> 116135 | G24: =Anticip.!I19 -> 148520 | H24: =F24+G24 -> 264655 | J24: =H24-C24 -> 71655
A25: A01207 | B25: Washing Allowance | H25: =F25+G25 -> 0 | I25: =H25-C25 -> 0
A26: A01208 | B26: Dress Allowane | H26: =F26+G26 -> 0 | I26: =H26-C26 -> 0
A27: A0120D | B27: Integrated Allowance | C27: 11000 | F27: 7200 | G27: =Anticip.!J19 -> 3600 | H27: =F27+G27 -> 10800 | I27: =H27-C27 -> -200
A28: A01216 | B28: Qualification Allowance | C28: 5000 | F28: 3200 | G28: =Anticip.!K20 -> 1600 | H28: =F28+G28 -> 4800 | I28: =H28-C28 -> -200
A29: A01217 | B29: Medical Allowance | C29: 206000 | F29: 82500 | G29: =Anticip.!L19 -> 78000 | H29: =F29+G29 -> 160500 | I29: =H29-C29 -> -45500
A30: A0121N | B30: Personal Allowance | C30: 89000 | F30: 59320 | G30: =Anticip.!M19 -> 29660 | H30: =F30+G30 -> 88980 | I30: =H30-C30 -> -20
A31: A01224 | B31: Entertainment Allowance | H31: =F31+G31 -> 0 | I31: =H31-C31 -> 0
A32: A0122N | B32: Special C.A to Disable | H32: =F32+G32 -> 0 | I32: =H32-C32 -> 0
A33: A01238 | B33: Charge Allowance | H33: =F33+G33 -> 0 | I33: =H33-C33 -> 0
A34: A0124H | B34: Special Allowance 2021 (25%) | C34: 317000 | F34: =Exp.!L28 -> 212914 | G34: =Anticip.!N19 -> 137817 | H34: =F34+G34 -> 350731 | I34: =H34-C34 -> 33731
A35: A0124R | B35: Adhoc Relief Allowance 2022 (15%) | C35: 414000 | F35: =Exp.!L29 -> 271359 | G35: =Anticip.!O19 -> 163550 | H35: =F35+G35 -> 434909 | I35: =H35-C35 -> 20909
A36: A0124T | B36: Special Allowance 2022 (15%) | C36: 414000 | F36: =Exp.!L30 -> 271359 | G36: =Anticip.!P19 -> 163550 | H36: =F36+G36 -> 434909 | I36: =H36-C36 -> 20909
A37: A0124X | B37: Adhoc Relief Allowance 2023 | C37: 1487000 | F37: =Exp.!L31 -> 976005 | G37: =Anticip.!Q19 -> 562045 | H37: =F37+G37 -> 1538050 | I37: =H37-C37 -> 51050
A38: A01253 | B38: Science Teaching Allowance | C38: 1000 | H38: =F38+G38 -> 0 | I38: =H38-C38 -> -1000
A39: A0125E | B39: Adhoc Relief Allowance 2024 | C39: 1118000 | F39: =Exp.!L32 -> 755908 | G39: =Anticip.!R19 -> 475704 | H39: =F39+G39 -> 1231612 | I39: =H39-C39 -> 113612
A40: A0125P | B40: Adhoc Relief Allowance 2025 | C40: 380000 | F40: =Exp.!L33 -> 302368 | G40: =Anticip.!S19 -> 315218 | H40: =F40+G40 -> 617586 | J40: =H40-C40 -> 237586
A41: A01270 | B41: Others(S.S.Ben 30%) | F41: 0 | H41: =F41+G41 -> 0 | I41: =H41-C41 -> 0
A42: A012-2 | B42: Total Other Allowance(Exc TA) | H42: =F42+G42 -> 0 | I42: =H42-C42 -> 0
A43: A01273 | B43: Honoraria | H43: =F43+G43 -> 0 | I43: =H43-C43 -> 0
A44: A10274 | B44: Medical Charges | H44: =F44+G44 -> 0 | I44: =H44-C44 -> 0
A45: A01277 | B45: Cotin Paid Staff | H45: =F45+G45 -> 0 | I45: =H45-C45 -> 0
A46: A01297 | B46: Inspection Allowance | H46: =F46+G46 -> 0 | I46: =H46-C46 -> 0
A47: A03 | B47: Total Operating Expenceses | H47: =F47+G47 -> 0 | I47: =H47-C47 -> 0
A48: A032 | B48: Total Communiation | H48: =F48+G48 -> 0 | I48: =H48-C48 -> 0
A49: A03201 | B49: Postage & Telegraph | H49: =F49+G49 -> 0 | I49: =H49-C49 -> 0
A50: A03202 | B50: Telephnoe&Trunk Calls | H50: =F50+G50 -> 0 | I50: =H50-C50 -> 0
A51: A03204 | B51: Electronic Communation | H51: =F51+G51 -> 0 | I51: =H51-C51 -> 0
A52: A03205 | B52: Courier and Pilot | H52: =F52+G52 -> 0 | I52: =H52-C52 -> 0
A53: A033 | B53: Total Utilities | H53: =F53+G53 -> 0 | I53: =H53-C53 -> 0
... A82: A052 | B82: Total Grants-Domestic | H82: =F82+G82 -> 0 | I82: =H82-C82 -> 0
A83: A05216 | B83: Financial Assistance | C83: 2000 | H83: =F83+G83 -> 0 | I83: =H83-C83 -> -2000
A84: A09 | B84: Total Physical Assets | H84: =F84+G84 -> 0 | I84: =H84-C84 -> 0
A85: A091 | B85: Total Purchase of Building | H85: =F85+G85 -> 0 | I85: =H85-C85 -> 0
A86: A09106 | B86: Plant and Machinery | H86: =F86+G86 -> 0 | I86: =H86-C86 -> 0
A87: A09107 | B87: Furniture & Fixtures | H87: =F87+G87 -> 0 | I87: =H87-C87 -> 0
A88: A092 | B88: Total Computer Equipment | H88: =F88+G88 -> 0 | I88: =H88-C88 -> 0
A89: A09201 | B89: Hardware | H89: =F89+G89 -> 0 | I89: =H89-C89 -> 0
A90: A09202 | B90: Software | H90: =F90+G90 -> 0 | I90: =H90-C90 -> 0
A91: A09203 | B91: I.T.Equipment | H91: =F91+G91 -> 0 | I91: =H91-C91 -> 0
A92: A095 | B92: Total Purchase of Transport | H92: =F92+G92 -> 0 | I92: =H92-C92 -> 0
A93: A09501 | B93: Transport | H93: =F93+G93 -> 0 | I93: =H93-C93 -> 0
A94: A096 | B94: Total Purchase of Plant & Mach: | H94: =F94+G94 -> 0 | I94: =H94-C94 -> 0
A95: A09601 | B95: Plant and Machinery | H95: =F95+G95 -> 0 | I95: =H95-C95 -> 0
... A111: A13703 | B111: I.T.Equipment | H111: =F111+G111 -> 0 | I111: =H111-C111 -> 0
A112: GRANT TOTAL: | C112: =C113+C114 -> 9292000 | D112: =D10 -> 0 | E112: =E10 -> 0 | F112: =F10 -> 6205959 | G112: =G10 -> 4310112 | H112: =H10 -> 10516071 | I112: =H112-C112 -> 1224071
A113: Salary | C113: =C11 -> 4470000 | D113: =D11 -> 0 | E113: =E11 -> 0 | F113: =F11 -> 3023680 | G113: =G11 -> 2116960 | H113: =H11 -> 5140640 | I113: =H113-C113 -> 670640
A114: Non-Salary | C114: =C20 -> 4822000 | D114: =D20 -> 0 | E114: =E20 -> 0 | F114: =F20 -> 3182279 | G114: =G20 -> 2193152 | H114: =H20 -> 5375431 | I114: =J20 -> 553431

Sheet Anticip.
A1: District Education Authority,Sahiwal.
A2: STATEMENT OF ANTICIPATED EXPENDITURES (LAST 4 MONTHS) 01.03.2026 TO 30.06.2026
A4: Sr. No. | B4: Name of Employee | C4: Designation | D4: BPS | E4: A01101 | F4: A01151 | H4: A01202 | I4: A01203 | J4: A0120D | K4: A01216 | L4: A01217 | M4: A0121N | N4: A0124H | O4: A0124R | P4: A0124T | Q4: A0124X | R4: A0125E | S4: A0125 | T4: A01
E5: Pay of Officers | F5: Pay of Staffs | G5: PP | H5: H.R | I5: C.A | J5: Integrated All | K5: Q.A | L5: Medical All | M5: Personal Allowance | N5: Spl. Allow 2021 | O5: ARA 2022 | P5: Spl. Allow 2022 | Q5: ARA 2023 | R5: ARA 2024 | S5: ARA 2025 | T5: G. Total
A6: 1 | B6: MUHAMMAD SALMAN | C6: SST | D6: 16 | E6: =55190*4 -> 220760 | H6: =2727*4 -> 10908 | I6: =5000*4 -> 20000 | L6: 6000 | M6: =3105*4 -> 12420 | N6: =4728*4 -> 18912 | O6: =4660*4 -> 18640 | P6: =O6 -> 18640 | Q6: =16493*4 -> 65972 | R6: =13797*4 -> 55188 | S6: =5519*4 -> 22076 | T6: =SUM(E6:S6) -> 469516
A7: 2 | B7: TARIQ HAFEEZ | C7: EST (ENG) | D7: 15 | F7: =79360*4 -> 317440 | H7: =2349*4 -> 9396 | I7: =2856*4 -> 11424 | L7: 6000 | N7: =4030*4 -> 16120 | O7: =7206*4 -> 28824 | P7: =7206*4 -> 28824 | Q7: =25697*4 -> 102788 | R7: =19840*4 -> 79360 | S7: =7936*4 -> 31744 | T7: =SUM(E7:S7) -> 631920
A8: 3 | B8: MUHAMMAD YAQUB | C8: EST(V) | D8: 15 | F8: =73420*4 -> 293680 | H8: =2349*4 -> 9396 | I8: =2856*4 -> 11424 | K8: =400*4 -> 1600 | L8: 6000 | N8: =4030*4 -> 16120 | O8: =6607*4 -> 26428 | P8: 26428 | Q8: =23618*4 -> 94472 | R8: =18355*4 -> 73420 | S8: =7342*4 -> 29368 | T8: =SUM(E8:S8) -> 588336
A9: 4 | B9: VACANT POST | C9: EST(V) | D9: 15 | F9: =27880*4 -> 111520 | H9: =2349*4 -> 9396 | I9: =2856*4 -> 11424 | L9: 6000 | N9: 4030 | O9: 2617 | P9: 2617 | Q9: 9758 | R9: 7960 | S9: 7342 | T9: =SUM(E9:S9) -> 172664
A10: 5 | B10: MUHAMMAD NAWAZ | C10: EST(G) | D10: 15 | F10: =67480*4 -> 269920 | H10: =2349*4 -> 9396 | I10: =2856*4 -> 11424 | L10: 6000 | N10: =4030*4 -> 16120 | O10: =6009*4 -> 24036 | P10: =6009*4 -> 24036 | Q10: =21359*4 -> 85436 | R10: =16870*4 -> 67480 | S10: =6748*4 -> 26992 | T10: =SUM(E10:S10) -> 540840
A11: 6 | B11: MUHAMMAD MUSTAFA | C11: EST(SC) | D11: 15 | F11: =43720*4 -> 174880 | H11: =2349*4 -> 9396 | I11: =2856*4 -> 11424 | L11: 6000 | M11: =3160*4 -> 12640 | N11: =4030*4 -> 16120 | O11: =3615*4 -> 14460 | P11: =3615*4 -> 14460 | Q11: =13223*4 -> 52892 | R11: =10930*4 -> 43720 | S11: =4372*4 -> 17488 | T11: =SUM(E11:S11) -> 373480
A12: 7 | B12: VACANT POST | C12: EST(PHY) | D12: 15 | F12: =27880*4 -> 111520 | H12: =2349*4 -> 9396 | I12: =2856*4 -> 11424 | L12: 6000 | N12: 4030 | O12: 2617 | P12: 2617 | Q12: 9758 | R12: 7960 | S12: 7342 | T12: =SUM(E12:S12) -> 172664
A13: 8 | B13: RAHMATULLAH | C13: PST | D13: 14 | F13: =41670*4 -> 166680 | H13: =2214*4 -> 8856 | I13: =2856*4 -> 11424 | L13: 6000 | M13: =1150*4 -> 4600 | N13: =3795*4 -> 15180 | O13: =3505*4 -> 14020 | P13: =3505*4 -> 14020 | Q13: =12757*4 -> 51028 | R13: =10417*4 -> 41668 | S13: =4167*4 -> 16668 | T13: =SUM(E13:S13) -> 350144
A14: 9 | B14: VACANT POST | C14: PST | D14: 14 | F14: =26010*4 -> 104040 | H14: =H16 -> 8856 | I14: =I16 -> 11424 | J14: =J16 -> 0 | K14: =K16 -> 0 | L14: =L16 -> 6000 | M14: =M16 -> 0 | N14: =N16 -> 3795 | O14: =O16 -> 2452 | ... S14: =S16 -> 2601 | T14: =SUM(E14:S14) -> 158095
A15: 10 | B15: VACANT POST | C15: ESE | D15: 14 | F15: =26010*4 -> 104040 | H15: =H14 -> 8856 | I15: =I14 -> 11424 | J15: =J14 -> 0 | K15: =K14 -> 0 | L15: =L14 -> 6000 | M15: =M14 -> 0 | N15: =N14 -> 3795 | O15: =O14 -> 2452 | ... S15: =S14 -> 2601 | T15: =SUM(E15:S15) -> 158095
A16: 11 | B16: VACANT POST | C16: ESE | D16: 14 | F16: =26010*4 -> 104040 | H16: =2214*4 -> 8856 | I16: =2856*4 -> 11424 | L16: =1500*4 -> 6000 | N16: 3795 | O16: 2452 | P16: 2452 | Q16: 9103 | R16: 7372 | S16: 2601 | T16: =SUM(E16:S16) -> 158095
A17: 12 | B17: MUHAMMAD ABBASS | C17: SG/ CHOWKIDAR | D17: 1 | F17: =33170*4 -> 132680 | H17: =1458*4 -> 5832 | I17: =1785*4 -> 7140 | J17: 3600 | L17: 6000 | N17: =2475*4 -> 9900 | O17: =3069*4 -> 12276 | P17: =3069*4 -> 12276 | Q17: =10916*4 -> 43664 | R17: =8292*4 -> 33168 | S17: =3317*43 -> 142631 | T17: =SUM(E17:S17) -> 409167
A18: 13 | B18: VACANT POST | C18: SG/ CHOWKIDAR | F18: =1440*4 -> 5760 | H18: =1337*4 -> 5348 | I18: =1785*4 -> 7140 | L18: 6000 | N18: =2475*4 -> 9900 | O18: =3069*4 -> 12276 | P18: =3069*4 -> 12276 | Q18: =4742*4 -> 18968 | R18: =10916*4 -> 43664 | S18: =1441*4 -> 5764 | T18: =SUM(E18:S18) -> 127096
A19: TOTAL | E19: =E6 -> 220760 | F19: =SUM(F7:F18) -> 1896200 | H19: =SUM(H6:H18) -> 113888 | I19: =SUM(I6:I18) -> 148520 | J19: =SUM(J6:J18) -> 3600 | K19: =SUM(K6:K18) -> 1600 | L19: =SUM(L6:L18) -> 78000 | M19: =SUM(M6:M18) -> 29660 | N19: =SUM(N6:N18) -> 137817 | O19: =SUM(O6:O18) -> 163550 | ... S19: =SUM(S6:S18) -> 315218 | T19: =SUM(E19:S19) -> 4310112
A20: GRAND TOTAL | E20: =E19+F19 -> 2116960 | H20: =H19 -> 113888 | I20: =I19 -> 148520 | J20: =J19 -> 3600 | K20: =K19 -> 1600 | L20: =L19 -> 78000 | M20: =M19 -> 29660 | N20: =N19 -> 137817 | O20: =O19 -> 163550 | ... S20: =S19 -> 315218 | T20: =SUM(E20:S20) -> 4310112

Sheet Exp.
B1: District Education Authority,Sahiwal.
B2: STATEMENT OF ACTUALS EXPENDITURES (FIRST 8 MONTHS) 01.07.2025 TO 28.02.2026
B3: Cost Center:
A4: Object Code | B4: Description | C4: Budget Estimate 2025-26 | D4: Expenditure 2025-26 | M4: Balance
D5: 45839 | E5: 45870 | F5: 45901 | G5: 45931 | H5: Nov-25 | I5: 45992 | J5: 46023 | K5: 46054 | L5: Total Exp.
A6: A01 | B6: Total Employees Related Expenses | C6: =C7+C35 -> 9290000 | D6: =D7+D35 -> 645872 | E6: =E7+E35 -> 775733 | F6: =F7+F35 -> 790036 | G6: =G7+G35 -> 792157 | H6: =H7+H35 -> 792157 | I6: =I7+I35 -> 809140 | J6: =J7+J35 -> 809140 | K6: =K7+K35 -> 791724 | L6: =SUM(D6:K6) -> 6205959 | M6: =C6-L6 -> 3084041
A7: A011 | B7: Total Pay | C7: =C16 -> 4470000 | D7: =D16 -> 315930 | E7: =E16 -> 381430 | F7: =F16 -> 381430 | G7: =G16 -> 381430 | H7: =H16 -> 381430 | I7: =I16 -> 394010 | J7: =J16 -> 394010 | K7: =K16 -> 394010 | L7: =SUM(D7:K7) -> 3023680 | M7: =C7-L7 -> 1446320
A8: A011-1 | B8: Total Pay Officer | C8: =C9 -> 624000 | D8: =SUM(D9:D12) -> 52930 | E8: =SUM(E9:E12) -> 52930 | F8: =SUM(F9:F12) -> 52930 | G8: =SUM(G9:G12) -> 52930 | H8: =SUM(H9:H12) -> 52930 | I8: =SUM(I9:I12) -> 55190 | J8: =SUM(J9:J12) -> 55190 | K8: =SUM(K9:K12) -> 55190 | L8: =SUM(D8:K8) -> 430220 | M8: =C8-L8 -> 193780
A9: A01101 | B9: Pay of Officer | C9: 624000 | D9: 52930 | E9: 52930 | F9: 52930 | G9: 52930 | H9: 52930 | I9: 55190 | J9: 55190 | K9: 55190 | L9: =SUM(D9:K9) -> 430220 | M9: =C9-L9 -> 193780
A10: A01102 | B10: Personal Pay | D10: 0 | E10: 0 | F10: 0 | G10: 0 | H10: 0 | I10: 0 | J10: 0 | K10: 0 | L10: =SUM(D10:K10) -> 0 | M10: =C10-L10 -> 0
A11: A01103 | B11: Special Pay | D11: 0 | E11: 0 | F11: 0 | G11: 0 | H11: 0 | I11: 0 | J11: 0 | K11: 0 | L11: =SUM(D11:K11) -> 0 | M11: =C11-L11 -> 0
A12: A01106 | B12: Pay of Contract Staff | D12: 0 | E12: 0 | F12: 0 | G12: 0 | H12: 0 | I12: 0 | J12: 0 | K12: 0 | L12: =SUM(D12:K12) -> 0 | M12: =C12-L12 -> 0
A13: A01151 | B13: Pay of other staff | C13: 3846000 | D13: 263000 | E13: 328500 | F13: 328500 | G13: 328500 | H13: 328500 | I13: 338820 | J13: 338820 | K13: 338820 | L13: =SUM(D13:K13) -> 2593460 | M13: =C13-L13 -> 1252540
A14: A01152 | B14: Personal Pay | D14: 0 | E14: 0 | F14: 0 | G14: 0 | H14: 0 | I14: 0 | J14: 0 | K14: 0 | L14: =SUM(D14:K14) -> 0 | M14: =C14-L14 -> 0
A15: A01156 | B15: Pay of Contract Staff | D15: 0 | E15: 0 | F15: 0 | G15: 0 | H15: 0 | I15: 0 | J15: 0 | K15: 0 | L15: =SUM(D15:K15) -> 0 | M15: =C15-L15 -> 0
B16: Total Pay | C16: =SUM(C9:C15) -> 4470000 | D16: =SUM(D9:D15) -> 315930 | E16: =SUM(E9:E15) -> 381430 | F16: =SUM(F9:F15) -> 381430 | G16: =SUM(G9:G15) -> 381430 | H16: =SUM(H9:H15) -> 381430 | I16: =SUM(I9:I15) -> 394010 | J16: =SUM(J9:J15) -> 394010 | K16: =SUM(K9:K15) -> 394010 | L16: =SUM(D16:K16) -> 3023680 | M16: =C16-L16 -> 1446320
A17: A01202 | B17: House Rent Allowance | C17: 185000 | D17: 13446 | E17: 15795 | F17: 15795 | G17: 15795 | H17: 15795 | I17: 15795 | J17: 15795 | K17: 15795 | L17: =SUM(D17:K17) -> 124011 | M17: =C17-L17 -> 60989
A18: A01203 | B18: Conveyance Allowance | C18: 193000 | D18: 4641 | E18: 4641 | F18: 18944 | G18: 21065 | H18: 21065 | I18: 21065 | J18: 21065 | K18: 3649 | L18: =SUM(D18:K18) -> 116135 | M18: =C18-L18 -> 76865
A19: A01207 | B19: Washing Allowance | D19: 0 | E19: 0 | F19: 0 | G19: 0 | H19: 0 | I19: 0 | J19: 0 | K19: 0 | L19: =SUM(D19:K19) -> 0 | M19: =C19-L19 -> 0
A20: A0120D | B20: Integrated Allowance | C20: 11000 | D20: 900 | E20: 900 | F20: 900 | G20: 900 | H20: 900 | I20: 900 | J20: 900 | K20: 900 | L20: =SUM(D20:K20) -> 7200 | M20: =C20-L20 -> 3800
A21: A01216 | B21: Qualification Allowance | C21: 5000 | D21: 400 | E21: 400 | F21: 400 | G21: 400 | H21: 400 | I21: 400 | J21: 400 | K21: 400 | L21: =SUM(D21:K21) -> 3200 | M21: =C21-L21 -> 1800
A22: A01217 | B22: Medical Allowance | C22: 206000 | D22: 9000 | E22: 10500 | F22: 10500 | G22: 10500 | H22: 10500 | I22: 10500 | J22: 10500 | K22: 10500 | L22: =SUM(D22:K22) -> 82500 | M22: =C22-L22 -> 123500
A23: A01226 | B23: Computer Allowance | D23: 0 | E23: 0 | F23: 0 | G23: 0 | H23: 0 | I23: 0 | J23: 0 | K23: 0 | L23: =SUM(D23:K23) -> 0 | M23: =C23-L23 -> 0
A24: AO1238 | B24: Charge All | D24: 0 | E24: 0 | F24: 0 | G24: 0 | H24: 0 | I24: 0 | J24: 0 | K24: 0 | L24: =SUM(D24:K24) -> 0 | M24: =C24-L24 -> 0
A25: AO1253 | B25: Science Teaching Allowance | C25: 1000 | D25: 0 | E25: 0 | F25: 0 | G25: 0 | H25: 0 | I25: 0 | J25: 0 | K25: 0 | L25: =SUM(D25:K25) -> 0 | M25: =C25-L25 -> 1000
A26: A0121N | B26: Personal Allowance | C26: 89000 | D26: 7415 | E26: 7415 | F26: 7415 | G26: 7415 | H26: 7415 | I26: 7415 | J26: 7415 | K26: 7415 | L26: =SUM(D26:K26) -> 59320 | M26: =C26-L26 -> 29680
A27: A0122N | B27: Special Conveyance Allow. | D27: 0 | E27: 0 | F27: 0 | G27: 0 | H27: 0 | I27: 0 | J27: 0 | K27: 0 | L27: =SUM(D27:K27) -> 0 | M27: =C27-L27 -> 0
A28: A0124H | B28: Special Allowance 25% 2021 | C28: 317000 | D28: 23088 | E28: 27118 | F28: 27118 | G28: 27118 | H28: 27118 | I28: 27118 | J28: 27118 | K28: 27118 | L28: =SUM(D28:K28) -> 212914 | M28: =C28-L28 -> 104086
A29: A0124R | B29: Adhoc Relief All 15% 2022 | C29: 414000 | D29: 28662 | E29: 34671 | F29: 34671 | G29: 34671 | H29: 34671 | I29: 34671 | J29: 34671 | K29: 34671 | L29: =SUM(D29:K29) -> 271359 | M29: =C29-L29 -> 142641
A30: A0124T | B30: Special Allowance 15% 2022 | C30: 414000 | D30: 28662 | E30: 34671 | F30: 34671 | G30: 34671 | H30: 34671 | I30: 34671 | J30: 34671 | K30: 34671 | L30: =SUM(D30:K30) -> 271359 | M30: =C30-L30 -> 142641
A31: A0124X | B31: Adhoc Relief All 35% 2023 2X | C31: 1487000 | D31: 103154 | E31: 124693 | F31: 124693 | G31: 124693 | H31: 124693 | I31: 124693 | J31: 124693 | K31: 124693 | L31: =SUM(D31:K31) -> 976005 | M31: =C31-L31 -> 510995
A32: A0125E | B32: Adhoc Relief All 2024 25% | C32: 1118000 | D32: 78981 | E32: 95356 | F32: 95356 | G32: 95356 | H32: 95356 | I32: 98501 | J32: 98501 | K32: 98501 | L32: =SUM(D32:K32) -> 755908 | M32: =C32-L32 -> 362092
A33: A0125P | B33: Adhoc Relief 2025 (10%) | C33: 380000 | D33: 31593 | E33: 38143 | F33: 38143 | G33: 38143 | H33: 38143 | I33: 39401 | J33: 39401 | K33: 39401 | L33: =SUM(D33:K33) -> 302368 | M33: =C33-L33 -> 77632
A34: A01270 | B34: S.S.B.Others | D34: 0 | E34: 0 | F34: 0 | G34: 0 | H34: 0 | I34: 0 | J34: 0 | K34: 0 | L34: =SUM(D34:K34) -> 0 | M34: =C34-L34 -> 0
A35: A012-1 | B35: Regular Allowance | C35: =SUM(C17:C34) -> 4820000 | D35: =SUM(D17:D34) -> 329942 | E35: =SUM(E17:E34) -> 394303 | F35: =SUM(F17:F34) -> 408606 | G35: =SUM(G17:G34) -> 410727 | H35: =SUM(H17:H34) -> 410727 | I35: =SUM(I17:I34) -> 415130 | J35: =SUM(J17:J34) -> 415130 | K35: =SUM(K17:K34) -> 397714 | L35: =SUM(D35:K35) -> 3182279 | M35: =C35-L35 -> 1637721
A36: A01273 | B36: Honoraium | D36: 0 | E36: 0 | F36: 0 | G36: 0 | H36: 0 | I36: 0 | J36: 0 | K36: 0 | L36: =SUM(D36:K36) -> 0 | M36: =C36-L36 -> 0
A37: A01274 | B37: Medical Charges | D37: 0 | E37: 0 | F37: 0 | G37: 0 | H37: 0 | I37: 0 | J37: 0 | K37: 0 | L37: =SUM(D37:K37) -> 0 | M37: =C37-L37 -> 0
A38: A01297 | B38: Inspection Allowance | D38: 0 | E38: 0 | F38: 0 | G38: 0 | H38: 0 | I38: 0 | J38: 0 | K38: 0 | L38: =SUM(D38:K38) -> 0 | M38: =C38-L38 -> 0
A39: A012-2 | B39: Total other Allowance | D39: 0 | E39: 0 | F39: 0 | G39: 0 | H39: 0 | I39: 0 | J39: 0 | K39: 0 | L39: =SUM(D39:K39) -> 0 | M39: =C39-L39 -> 0
A40: A01 | B40: Total Employ Related Expenses | C40: =C16+C35+C39 -> 9290000 | D40: =D16+D35+D39 -> 645872 | E40: =E16+E35+E39 -> 775733 | F40: =F16+F35+F39 -> 790036 | G40: =G16+G35+G39 -> 792157 | H40: =H16+H35+H39 -> 792157 | I40: =I16+I35+I39 -> 809140 | J40: =J16+J35+J39 -> 809140 | K40: =K16+K35+K39 -> 791724 | L40: =SUM(D40:K40) -> 6205959 | M40: =C40-L40 -> 3084041
A41: A01277 | B41: Cotin Paid Staff | C41: ='BM-13'!C48 -> 0 | L41: =SUM(D41:K41) -> 0 | M41: =C41-L41 -> 0
A42: A01278 | B42: Leave Salary | C42: ='BM-13'!C49 -> 0 | L42: =SUM(D42:K42) -> 0 | M42: =C42-L42 -> 0
A43: A03 | B43: Total Operating Expenceses | C43: ='BM-13'!C50 -> 0 | D43: =SUM(D44+D49+D55+D58+D63) -> 0 | E43: =SUM(E44+E49+E55+E58+E63) -> 0 | F43: =SUM(F44+F49+F55+F58+F63) -> 0 | G43: =SUM(G44+G49+G55+G58+G63) -> 0 | H43: =SUM(H44+H49+H55+H58+H63) -> 0 | I43: =SUM(I44+I49+I55+I58+I63) -> 0 | J43: =SUM(J44+J49+J55+J58+J63) -> 0 | K43: =SUM(K44+K49+K55+K58+K63) -> 0 | L43: =SUM(D43:K43) -> 0 | M43: =C43-L43 -> 0
A44: A032 | B44: Total Communiation | C44: ='BM-13'!C51 -> 0 | D44: =SUM(D45:D48) -> 0 | E44: =SUM(E45:E48) -> 0 | F44: =SUM(F45:F48) -> 0 | G44: =SUM(G45:G48) -> 0 | H44: =SUM(H45:H48) -> 0 | I44: =SUM(I45:I48) -> 0 | J44: =SUM(J45:J48) -> 0 | K44: =SUM(K45:K48) -> 0 | L44: =SUM(D44:K44) -> 0 | M44: =C44-L44 -> 0
A45: A03201 | B45: Postage & Telegraph | C45: ='BM-13'!C52 -> 0 | L45: =SUM(D45:K45) -> 0 | M45: =C45-L45 -> 0
A46: A03202 | B46: Telephnoe&Trunk Calls | C46: ='BM-13'!C53 -> 0 | L46: =SUM(D46:K46) -> 0 | M46: =C46-L46 -> 0
A47: A03204 | B47: Electronic Communation | C47: ='BM-13'!C54 -> 0 | L47: =SUM(D47:K47) -> 0 | M47: =C47-L47 -> 0
A48: A03205 | B48: Courier and Pilot | C48: ='BM-13'!C55 -> 0 | L48: =SUM(D48:K48) -> 0 | M48: =C48-L48 -> 0
A49: A033 | B49: Total Utilities | C49: ='BM-13'!C56 -> 0 | D49: =SUM(D50:D54) -> 0 | E49: =SUM(E50:E54) -> 0 | F49: =SUM(F50:F54) -> 0 | G49: =SUM(G50:G54) -> 0 | H49: =SUM(H50:H54) -> 0 | I49: =SUM(I50:I54) -> 0 | J49: =SUM(J50:J54) -> 0 | K49: =SUM(K50:K54) -> 0 | L49: =SUM(D49:K49) -> 0 | M49: =C49-L49 -> 0
A50: A03301 | B50: Gas Charges | C50: ='BM-13'!C57 -> 0 | L50: =SUM(D50:K50) -> 0 | M50: =C50-L50 -> 0
A51: A03302 | B51: Water Charges | C51: ='BM-13'!C58 -> 0 | L51: =SUM(D51:K51) -> 0 | M51: =C51-L51 -> 0
A52: A03303 | B52: Electricity Charges | C52: ='BM-13'!C59 -> 0 | L52: =SUM(D52:K52) -> 0 | M52: =C52-L52 -> 0
A53: A03304 | B53: Hot & Cold Charges | C53: ='BM-13'!C60 -> 0 | L53: =SUM(D53:K53) -> 0 | M53: =C53-L53 -> 0
A54: A03305 | B54: POL for Generator | C54: ='BM-13'!C61 -> 0 | L54: =SUM(D54:K54) -> 0 | M54: =C54-L54 -> 0
A55: A034 | B55: Total Occupancy | C55: ='BM-13'!C62 -> 0 | D55: =SUM(D56+D57) -> 0 | E55: =SUM(E56+E57) -> 0 | F55: =SUM(F56+F57) -> 0 | G55: =SUM(G56+G57) -> 0 | H55: =SUM(H56+H57) -> 0 | I55: =SUM(I56+I57) -> 0 | J55: =SUM(J56+J57) -> 0 | K55: =SUM(K56+K57) -> 0 | L55: =SUM(D55:K55) -> 0 | M55: =C55-L55 -> 0
A56: A03402 | B56: Rent for Office Buildings | C56: ='BM-13'!C63 -> 0 | L56: =SUM(D56:K56) -> 0 | M56: =C56-L56 -> 0
A57: A03407 | B57: Rates & Taxes | C57: ='BM-13'!C64 -> 0 | L57: =SUM(D57:K57) -> 0 | M57: =C57-L57 -> 0
A58: A038 | B58: Total Travel &Tran | C58: ='BM-13'!C65 -> 0 | D58: =SUM(D59:D62) -> 0 | E58: =SUM(E59:E62) -> 0 | F58: =SUM(F59:F62) -> 0 | G58: =SUM(G59:G62) -> 0 | H58: =SUM(H59:H62) -> 0 | I58: =SUM(I59:I62) -> 0 | J58: =SUM(J59:J62) -> 0 | K58: =SUM(K59:K62) -> 0 | L58: =SUM(D58:K58) -> 0 | M58: =C58-L58 -> 0
A59: A03805 | B59: Travelling Allow: | C59: ='BM-13'!C66 -> 0 | L59: =SUM(D59:K59) -> 0 | M59: =C59-L59 -> 0
A60: A03806 | B60: Transporttaion | C60: ='BM-13'!C67 -> 0 | L60: =SUM(D60:K60) -> 0 | M60: =C60-L60 -> 0
A61: A03807 | B61: POL Charges | C61: ='BM-13'!C68 -> 0 | L61: =SUM(D61:K61) -> 0 | M61: =C61-L61 -> 0
A62: A03808 | B62: Conveyance Charges | C62: ='BM-13'!C69 -> 0 | L62: =SUM(D62:K62) -> 0 | M62: =C62-L62 -> 0
A63: A039 | B63: Total General | C63: ='BM-13'!C70 -> 0 | D63: =SUM(D64:D74) -> 0 | E63: =SUM(E64:E74) -> 0 | F63: =SUM(F64:F74) -> 0 | G63: =SUM(G64:G74) -> 0 | H63: =SUM(H64:H74) -> 0 | I63: =SUM(I64:I74) -> 0 | J63: =SUM(J64:J74) -> 0 | K63: =SUM(K64:K74) -> 0 | L63: =SUM(D63:K63) -> 0 | M63: =C63-L63 -> 0
A64: A03901 | B64: Stationery | C64: ='BM-13'!C71 -> 0 | L64: =SUM(D64:K64) -> 0 | M64: =C64-L64 -> 0
A65: A03902 | B65: Printing & Publication | C65: ='BM-13'!C72 -> 0 | L65: =SUM(D65:K65) -> 0 | M65: =C65-L65 -> 0
A66: A03905 | B66: News Paper | C66: ='BM-13'!C73 -> 0 | L66: =SUM(D66:K66) -> 0 | M66: =C66-L66 -> 0
A67: A03906 | B67: Uniforms | C67: ='BM-13'!C74 -> 0 | L67: =SUM(D67:K67) -> 0 | M67: =C67-L67 -> 0
A68: A03907 | B68: Publicity & Advertisement | C68: ='BM-13'!C75 -> 0 | L68: =SUM(D68:K68) -> 0 | M68: =C68-L68 -> 0
A69: A03917 | B69: Law Charges | C69: ='BM-13'!C76 -> 0 | L69: =SUM(D69:K69) -> 0 | M69: =C69-L69 -> 0
A70: A03918 | B70: Exhibuition,Fair | C70: ='BM-13'!C77 -> 0 | L70: =SUM(D70:K70) -> 0 | M70: =C70-L70 -> 0
A71: A03942 | B71: Cost of Other | C71: ='BM-13'!C78 -> 0 | L71: =SUM(D71:K71) -> 0 | M71: =C71-L71 -> 0
A72: A03955 | B72: Computer Stattionry | C72: ='BM-13'!C79 -> 0 | L72: =SUM(D72:K72) -> 0 | M72: =C72-L72 -> 0
A73: A03970 | B73: Others | C73: ='BM-13'!C80 -> 0 | L73: =SUM(D73:K73) -> 0 | M73: =C73-L73 -> 0
A74: A03977 | B74: Stipend to Girls Students | C74: ='BM-13'!C81 -> 0 | L74: =SUM(D74:K74) -> 0 | M74: =C74-L74 -> 0
A75: A04 | B75: Total Employees Retired Benift | C75: ='BM-13'!C82 -> 0 | D75: =SUM(D76) -> 0 | E75: =SUM(E76) -> 0 | F75: =SUM(F76) -> 0 | G75: =SUM(G76) -> 0 | H75: =SUM(H76) -> 0 | I75: =SUM(I76) -> 0 | J75: =SUM(J76) -> 0 | K75: =SUM(K76) -> 0 | L75: =SUM(D75:K75) -> 0 | M75: =C75-L75 -> 0
A76: A041 | B76: TOTAL PENSION | C76: ='BM-13'!C83 -> 2000 | D76: =SUM(D77) -> 0 | E76: =SUM(E77) -> 0 | F76: =SUM(F77) -> 0 | G76: =SUM(G77) -> 0 | H76: =SUM(H77) -> 0 | I76: =SUM(I77) -> 0 | J76: =SUM(J77) -> 0 | K76: =SUM(K77) -> 0 | L76: =SUM(D76:K76) -> 0 | M76: =C76-L76 -> 2000
A77: A04114 | B77: Supernannuation Encashment LPR | C77: ='BM-13'!C84 -> 0 | L77: =SUM(D77:K77) -> 0 | M77: =C77-L77 -> 0
A78: A05 | B78: Total Grants Subsidies &Write | C78: ='BM-13'!C85 -> 0 | D78: =SUM(D79) -> 0 | E78: =SUM(E79) -> 0 | F78: =SUM(F79) -> 0 | G78: =SUM(G79) -> 0 | H78: =SUM(H79) -> 0 | I78: =SUM(I79) -> 0 | J78: =SUM(J79) -> 0 | K78: =SUM(K79) -> 0 | L78: =SUM(D78:K78) -> 0 | M78: =C78-L78 -> 0
A79: A052 | B79: Total Grants-Domestic | C79: ='BM-13'!C86 -> 0 | D79: =SUM(D80) -> 0 | E79: =SUM(E80) -> 0 | F79: =SUM(F80) -> 0 | G79: =SUM(G80) -> 0 | H79: =SUM(H80) -> 0 | I79: =SUM(I80) -> 0 | J79: =SUM(J80) -> 0 | K79: =SUM(K80) -> 0 | L79: =SUM(D79:K79) -> 0 | M79: =C79-L79 -> 0
A80: A05216 | B80: Financial Assistance | C80: ='BM-13'!C87 -> 0 | L80: =SUM(D80:K80) -> 0 | M80: =C80-L80 -> 0
A81: A09 | B81: Total Physical Assets | C81: ='BM-13'!C88 -> 0 | D81: =SUM(D82+D85+D89+D91+D93) -> 0 | E81: =SUM(E82+E85+E89+E91+E93) -> 0 | F81: =SUM(F82+F85+F89+F91+F93) -> 0 | G81: =SUM(G82+G85+G89+G91+G93) -> 0 | H81: =SUM(H82+H85+H89+H91+H93) -> 0 | I81: =SUM(I82+I85+I89+I91+I93) -> 0 | J81: =SUM(J82+J85+J89+J91+J93) -> 0 | K81: =SUM(K82+K85+K89+K91+K93) -> 0 | L81: =SUM(D81:K81) -> 0 | M81: =C81-L81 -> 0
A82: A091 | B82: Total Purchase of Building | C82: ='BM-13'!C89 -> 0 | D82: =SUM(D83:D84) -> 0 | E82: =SUM(E83:E84) -> 0 | F82: =SUM(F83:F84) -> 0 | G82: =SUM(G83:G84) -> 0 | H82: =SUM(H83:H84) -> 0 | I82: =SUM(I83:I84) -> 0 | J82: =SUM(J83:J84) -> 0 | K82: =SUM(K83:K84) -> 0 | L82: =SUM(D82:K82) -> 0 | M82: =C82-L82 -> 0
A83: A09106 | B83: Plant and Machinery | C83: ='BM-13'!C90 -> 0 | L83: =SUM(D83:K83) -> 0 | M83: =C83-L83 -> 0
A84: A09107 | B84: Furniture & Fixtures | C84: ='BM-13'!C91 -> 0 | L84: =SUM(D84:K84) -> 0 | M84: =C84-L84 -> 0
A85: A092 | B85: Total Computer Equipment | C85: ='BM-13'!C92 -> 0 | D85: =SUM(D86:D88) -> 0 | E85: =SUM(E86:E88) -> 0 | F85: =SUM(F86:F88) -> 0 | G85: =SUM(G86:G88) -> 0 | H85: =SUM(H86:H88) -> 0 | I85: =SUM(I86:I88) -> 0 | J85: =SUM(J86:J88) -> 0 | K85: =SUM(K86:K88) -> 0 | L85: =SUM(D85:K85) -> 0 | M85: =C85-L85 -> 0
A86: A09201 | B86: Hardware | C86: ='BM-13'!C93 -> 0 | L86: =SUM(D86:K86) -> 0 | M86: =C86-L86 -> 0
A87: A09202 | B87: Software | C87: ='BM-13'!C94 -> 0 | L87: =SUM(D87:K87) -> 0 | M87: =C87-L87 -> 0
A88: A09203 | B88: I.T.Equipment | C88: ='BM-13'!C95 -> 0 | L88: =SUM(D88:K88) -> 0 | M88: =C88-L88 -> 0
A89: A095 | B89: Total Purchase of Transport | C89: ='BM-13'!C96 -> 0 | D89: =SUM(D90) -> 0 | E89: =SUM(E90) -> 0 | F89: =SUM(F90) -> 0 | G89: =SUM(G90) -> 0 | H89: =SUM(H90) -> 0 | I89: =SUM(I90) -> 0 | J89: =SUM(J90) -> 0 | K89: =SUM(K90) -> 0 | L89: =SUM(D89:K89) -> 0 | M89: =C89-L89 -> 0
A90: A09501 | B90: Transport | C90: ='BM-13'!C97 -> 0 | L90: =SUM(D90:K90) -> 0 | M90: =C90-L90 -> 0
A91: A096 | B91: Total Purchase of Plant & Mach: | C91: ='BM-13'!C98 -> 0 | D91: =SUM(D92) -> 0 | E91: =SUM(E92) -> 0 | F91: =SUM(F92) -> 0 | G91: =SUM(G92) -> 0 | H91: =SUM(H92) -> 0 | I91: =SUM(I92) -> 0 | J91: =SUM(J92) -> 0 | K91: =SUM(K92) -> 0 | L91: =SUM(D91:K91) -> 0 | M91: =C91-L91 -> 0
A92: A09601 | B92: Plant and Machinery | C92: ='BM-13'!C99 -> 0 | L92: =SUM(D92:K92) -> 0 | M92: =C92-L92 -> 0
A93: A097 | B93: Total Purchase Furniture & Fixture | C93: ='BM-13'!C100 -> 0 | D93: =SUM(D94) -> 0 | E93: =SUM(E94) -> 0 | F93: =SUM(F94) -> 0 | G93: =SUM(G94) -> 0 | H93: =SUM(H94) -> 0 | I93: =SUM(I94) -> 0 | J93: =SUM(J94) -> 0 | K93: =SUM(K94) -> 0 | L93: =SUM(D93:K93) -> 0 | M93: =C93-L93 -> 0
A94: A09701 | B94: Purchase Furniture & Fixture | C94: ='BM-13'!C101 -> 0 | L94: =SUM(D94:K94) -> 0 | M94: =C94-L94 -> 0
A95: A13 | B95: Total Repairs & Maintenance | C95: ='BM-13'!C102 -> 0 | D95: =SUM(D96+D98+D100+D102+D105) -> 0 | E95: =SUM(E96+E98+E100+E102+E105) -> 0 | F95: =SUM(F96+F98+F100+F102+F105) -> 0 | G95: =SUM(G96+G98+G100+G102+G105) -> 0 | H95: =SUM(H96+H98+H100+H102+H105) -> 0 | I95: =SUM(I96+I98+I100+I102+I105) -> 0 | J95: =SUM(J96+J98+J100+J102+J105) -> 0 | K95: =SUM(K96+K98+K100+K102+K105) -> 0 | L95: =SUM(D95:K95) -> 0 | M95: =C95-L95 -> 0
A96: A130 | B96: Total Transport | C96: ='BM-13'!C103 -> 0 | L96: =SUM(D96:K96) -> 0 | M96: =C96-L96 -> 0
A97: A13001 | B97: Transport | C97: ='BM-13'!C104 -> 0 | L97: =SUM(D97:K97) -> 0 | M97: =C97-L97 -> 0
A98: A131 | B98: Total Machinery | C98: ='BM-13'!C105 -> 0 | D98: =SUM(D99) -> 0 | E98: =SUM(E99) -> 0 | F98: =SUM(F99) -> 0 | G98: =SUM(G99) -> 0 | H98: =SUM(H99) -> 0 | I98: =SUM(I99) -> 0 | J98: =SUM(J99) -> 0 | K98: =SUM(K99) -> 0 | L98: =SUM(D98:K98) -> 0 | M98: =C98-L98 -> 0
A99: A13101 | B99: Machinery Equipment | C99: ='BM-13'!C106 -> 0 | L99: =SUM(D99:K99) -> 0 | M99: =C99-L99 -> 0
A100: A132 | B100: Total Furniture | C100: ='BM-13'!C107 -> 0 | D100: =SUM(D101) -> 0 | E100: =SUM(E101) -> 0 | F100: =SUM(F101) -> 0 | G100: =SUM(G101) -> 0 | H100: =SUM(H101) -> 0 | I100: =SUM(I101) -> 0 | J100: =SUM(J101) -> 0 | K100: =SUM(K101) -> 0 | L100: =SUM(D100:K100) -> 0 | M100: =C100-L100 -> 0
...

Sheet Vacany 
A1: District Education Authority, Sahiwal.
C2: DDO Code:SC6165
A3: Statement of Vacancy Position
A4: Code | B4: Post Name/Designation | D4: BPS | E4: According to Budget | H4: According to Office / School Record
E5: Sactioned | F5: Filled Posts | G5: Vacant Posts | H5: Sactioned | I5: Filled Posts | J5: Vacant Posts
A6: 1 | B6: MUHAMMAD SALMAN | C6: SST | D6: 16 | E6: 1 | F6: 1 | G6: 0 | H6: 1 | I6: 1 | J6: 0
A7: 2 | B7: TARIQ HAFEEZ | C7: EST (ENG) | D7: 15 | E7: 1 | F7: 1 | G7: 0 | H7: 1 | I7: 1 | J7: 0
A8: 3 | B8: MUHAMMAD YAQUB | C8: EST(V) | D8: 15 | E8: 1 | F8: 1 | G8: 0 | H8: 1 | I8: 1 | J8: 0
A9: 4 | B9: VACANT POST | C9: EST(V) | D9: 15 | E9: 1 | F9: 0 | G9: 1 | H9: 1 | I9: 0 | J9: 1
A10: 5 | B10: MUHAMMAD NAWAZ | C10: EST(G) | D10: 15 | E10: 1 | F10: 1 | G10: 0 | H10: 1 | I10: 1 | J10: 0
A11: 6 | B11: MUHAMMAD MUSTAFA | C11: EST(SC) | D11: 15 | E11: 1 | F11: 1 | G11: 0 | H11: 1 | I11: 1 | J11: 0
A12: 7 | B12: VACANT POST | C12: EST(PHY) | D12: 15 | E12: 1 | F12: 0 | G12: 1 | H12: 1 | I12: 0 | J12: 1
A13: 8 | B13: RAHMATULLAH | C13: PST | D13: 14 | E13: 1 | F13: 1 | G13: 0 | H13: 1 | I13: 1 | J13: 0
A14: 9 | B14: VACANT POST | C14: PST | D14: 14 | E14: 1 | F14: 0 | G14: 1 | H14: 1 | I14: 0 | J14: 1
A15: 10 | B15: VACANT POST | C15: ESE | D15: 14 | E15: 1 | F15: 0 | G15: 1 | H15: 1 | I15: 0 | J15: 1
A16: 11 | B16: VACANT POST | C16: ESE | D16: 14 | E16: 1 | F16: 0 | G16: 1 | H16: 1 | I16: 0 | J16: 1
A17: 12 | B17: MUHAMMAD ABBASS | C17: SG/ CHOWKIDAR | D17: 1 | E17: 1 | F17: 1 | G17: 0 | H17: 1 | I17: 1 | J17: 0
A18: 13 | B18: VACANT POST | C18: SG/ CHOWKIDAR | E18: 1 | F18: 0 | G18: 1 | H18: 1 | I18: 0 | J18: 1
